Map: King's Cove LE

Players

Kuma

  • Race: Protoss Protoss
  • League: Gold
  • Spawn Location: 11:00

Madcoat - Winner!

  • Race: Protoss Protoss
  • League: Gold
  • Spawn Location: 5:00

VOD

Have the link to the VOD?

Description

Time

  • Played on: Feb. 21, 2019, 8:43 p.m.
  • Length: 9:16
Show
View Real Time Build Order
Export as new Build Order

Kuma Protoss 

Build Orders:  

Get SALT Encoding   

  12  0:01  Probe  
  13  0:13  Probe  
  14  0:18  Pylon  
  14  0:25  Probe  
  15  0:37  Probe  
  15  0:42  Gateway  
  16  0:49  Probe  
  17  0:52  Assimilator  
  17  1:04  Pylon  
  17  1:07  Probe  
  18  1:19  Probe  
  18  1:23  Zealot  
  19  1:30  Cybernetics Core  
  19  1:31  Probe  
  22  1:44  Probe  
  23  1:48  Gateway  
  23  1:53  Zealot  
  25  2:03  Warp Gate  
  25  2:08  Gateway  
  25  2:16  Pylon  
  25  2:17  Probe  
  25  2:20  Stalker  
  28  2:32  Stalker  
  30  2:57  Stalker  
  30  3:00  Stalker  
  32  3:30  Pylon  
  32  3:58  Zealot  
  32  3:59  Zealot x2  
  38  4:06  Probe  
  38  4:08  Assimilator  
  39  4:24  Nexus  
  31  4:48  Stalker x3  
  37  5:12  Zealot x3  
  43  5:15  Pylon  
  24  6:11  Zealot  
  24  6:14  Probe  
  24  6:17  Zealot x2  
  27  6:22  Probe  
  26  6:26  Probe  
  27  6:33  Stalker, Probe  
  27  6:36  Gateway  
  30  6:41  Probe  
  31  6:49  Zealot x2, Probe  
  31  6:52  Zealot  
  38  7:00  Gateway, Probe  
  39  7:02  Probe  
  39  7:03  Pylon  
  40  7:11  Stalker x2  
  40  7:12  Probe  
  40  7:14  Stalker  
  47  7:25  Probe  
  47  7:27  Probe  
  49  7:34  Stalker  
  52  7:37  Probe  
  52  7:43  Zealot x3  
  52  7:44  Pylon  
  58  7:45  Probe  
  59  7:54  Probe  
  60  8:08  Forge  
  60  8:14  Robotics Facility  
  40  8:54  Forge  
  40  8:56  Nexus  
  40  8:57  Pylon  
Show
View Real Time Build Order
Export as new Build Order

Madcoat Protoss - Winner!

Build Orders:  

Get SALT Encoding   

  12  0:00  Probe  
  13  0:12  Probe  
  14  0:20  Pylon  
  14  0:24  Probe  
  15  0:35  Probe  
  15  0:41  Gateway  
  16  0:43  Probe  
  17  0:50  Assimilator  
  17  0:52  Probe  
  18  1:06  Gateway  
  18  1:07  Probe  
  19  1:13  Assimilator  
  19  1:19  Probe  
  20  1:31  Probe  
  21  1:35  Cybernetics Core  
  21  1:44  Probe  
  22  1:52  Probe  
  22  2:00  Pylon  
  23  2:11  Pylon  
  23  2:12  Warp Gate  
  23  2:18  Probe  
  24  2:27  Adept x2  
  28  2:33  Probe  
  29  2:40  Twilight Council  
  29  2:45  Probe  
  30  2:57  Probe  
  30  3:09  Probe  
  30  3:30  Adept x2  
  30  3:33  Probe  
  35  3:38  Charge  
  35  3:43  Gateway  
  35  3:45  Probe  
  35  3:46  Gateway x2  
  34  3:48  Shield Battery  
  32  4:08  Pylon  
  32  4:10  Robotics Facility  
  32  4:15  Stalker  
  34  4:18  Shield Battery  
  34  4:44  Probe  
  34  4:50  Stalker  
  34  4:51  Stalker x3  
  42  5:02  Immortal  
  46  5:19  Pylon  
  46  5:34  Pylon  
  40  5:55  Dark Shrine  
  33  6:37  Nexus  
  33  6:47  Pylon  
  33  6:49  Immortal  
  37  6:58  Assimilator  
  37  7:00  Assimilator  
  37  7:07  Shield Battery  
  37  7:09  Dark Templar  
  37  7:10  Dark Templar x2  
  43  7:22  Forge  
  43  7:31  Pylon  
  43  7:32  Observer  
  44  7:51  Stalker x2  
  46  7:58  Shield Battery  
  48  8:31  Zealot x2  
  48  8:32  Zealot x3  
  58  8:49  Probe x2  
  60  8:57  Probe x2  
Tags
 
League
GoldGold
Matchup
PvP
Replay Pack
20190221
Spawn Locations
Cross Positions
Add a new tag
Caveats
  • Supply blocks, unpowered buildings, or Contaminate may cause inaccurate times.
  • Supply counts are checked every 10 seconds.